 Dungeon Crawl Stone Soup version 0.30-a0-358-g0d69a1922f (webtiles) character file.

Game seed: 2781071597640967126

32479 jlumianski the Cleaver (level 13, -16/99 HPs)
             Began as a Demonspawn Fighter on Nov 9, 2022.
             Was a Believer of Qazlal.
             Demolished by a boulder beetle (34 damage)
             ... on level 12 of the Dungeon.
             The game lasted 01:15:38 (14859 turns).

jlumianski the Cleaver (Demonspawn Fighter)        Turns: 14859, Time: 01:15:38

Health: -16/99     AC: 28    Str: 24    XL:     13   Next: 31%
Magic:  18/18      EV: 13    Int: 17    God:    Qazlal [**....]
Gold:   438        SH: 14    Dex: 12    Spells: 12/12 levels left

rFire   . . .      SeeInvis .    a - +1 war axe (vorpal)
rCold   + . .      Faith    .    c - +0 buckler
rNeg    . . .      Spirit   .    C - +8 ring mail of the Forest {rC+ Will- Str+2 Int+7}
rPois   +          Reflect  +    z - +1 helmet
rElec   .          Harm     .    b - +2 cloak
rCorr   .          Rampage  .    m - +2 pair of gloves
Will    .....                    H - +0 pair of boots
Stlth   +.........               k - amulet of reflection
HPRegen 0.36/turn                r - +4 ring of slaying
MPRegen 0.16/turn                t - ring of poison resistance

@: no status effects
A: hooves 2, icy blue scales 2, foul stench 1, powered by death 2
a: Renounce Religion, Upheaval


You were on level 12 of the Dungeon.
You worshipped Qazlal.
Qazlal was pleased with you.
You visited 2 branches of the dungeon, and saw 15 of its levels.
You also visited: Sewer.

You collected 774 gold pieces.
You spent 336 gold pieces at shops.

Inventory:

Hand Weapons
 a - a +1 vorpal war axe (weapon)
 h - a +2 whip of venom
 j - a +3 scimitar of flaming
Missiles
 B - 18 poisoned darts (quivered)
 E - 3 curare-tipped darts
 Q - 2 atropa-tipped darts
Armour
 b - a +2 cloak (worn)
 c - a +0 buckler (worn)
 e - a +0 helmet of intelligence
 m - a +2 pair of gloves (worn)
 z - a +1 helmet (worn)
 C - the +8 ring mail of the Forest (worn) {rC+ Will- Str+2 Int+7}
   (You found it on level 4 of the Dungeon)

   Str:       It affects your strength (+2).
   Int:       It affects your intelligence (+7).
   rC:        It protects you from cold.
   Will:      It decreases your willpower.
 D - the +2 ring mail of the Vestibule of Hell {rN++ Int-3}
   (You found it on level 13 of the Dungeon)

   Int:       It affects your intelligence (-3).
   rN:        It greatly protects you from negative energy.
 H - a +0 pair of boots (worn)
 J - a +0 cloak
Jewellery
 k - an amulet of reflection (around neck)
 r - a +4 ring of slaying (left hand)
 t - a ring of poison resistance (right hand)
 u - an amulet of faith
 L - a +4 ring of evasion
 U - an amulet of regeneration
 V - a ring of resist corrosion
Wands
 w - a wand of roots (6)
 G - a wand of flame (29)
 K - a wand of charming (12)
 M - a wand of mindburst (9)
 S - a wand of quicksilver (11)
Scrolls
 f - 3 scrolls of poison
 i - 4 scrolls of fear
 n - 17 scrolls of teleportation
 o - 5 scrolls of butterflies
 y - 2 scrolls of enchant weapon
 P - 2 scrolls of blinking
Potions
 d - 3 potions of might
 g - 8 potions of curing
 l - 2 potions of brilliance
 p - a potion of invisibility
 q - 2 potions of flight
 s - 2 potions of resistance
 v - a potion of heal wounds
 x - a potion of magic
 A - 2 potions of mutation
 I - a potion of berserk rage
 N - 2 potions of attraction
 O - a potion of ambrosia
 R - 3 potions of degeneration
 W - a potion of cancellation
Miscellaneous
 T - a condenser vane


   Skills:
 + Level 8.6 Fighting
 + Level 0.3 Long Blades
 + Level 13.0 Axes
 + Level 1.2(8.4) Maces & Flails
 + Level 1.5 Throwing
 + Level 7.5 Armour
 + Level 6.1 Dodging
 - Level 1.6 Stealth
 + Level 9.0 Shields
 * Level 7.8 Invocations
 * Level 6.2 Evocations


You had 12 spell levels left.
You didn't know any spells.
Your spell library contained the following spells:

 Spells                   Type           Power      Damage    Failure   Level
 Freeze                   Ice            0%         1d3       38%         1
 Kiss of Death            Conj/Necr      0%         2d5       38%         1
 Ensorcelled Hibernation  Hex/Ice        0%         N/A       54%         2
 Passwall                 Tmut/Erth      0%         N/A       54%         2
 Confusing Touch          Hex            0%         N/A       77%         3
 Frozen Ramparts          Ice            0%         1d1       77%         3
 Hailstorm                Conj/Ice       0%         3d3       77%         3
 Inner Flame              Hex/Fire       0%         N/A       77%         3
 Swiftness                Air            0%         N/A       77%         3
 Cause Fear               Hex            0%         N/A       99%         4
 Dispel Undead            Necr           0%         3d6       99%         4
 Petrify                  Tmut/Erth      0%         N/A       99%         4
 Metabolic Englaciation   Hex/Ice        0%         N/A       100%        5
 Statue Form              Tmut/Erth      0%         N/A       100%        6
 Discord                  Hex            0%         N/A       100%        8


Dungeon Overview and Level Annotations

Branches:
Dungeon (14/15)            Temple (1/1) D:4            Lair (0/5) D:9
    Orc (0/2) D:10          Sewer (visited)
 Vaults: D:13-14

Altars:
Ashenzari
Cheibriados
Dithmenos
Fedhas
Gozag
Hepliaklqana
Kikubaaqudgha
Makhleb
Nemelex Xobeh
Okawaru
Qazlal
Ru
Sif Muna
Trog
Uskayaw
Vehumet
Wu Jian
Xom

Shops:
D:1 *   D:3 =   D:7 *   D:10 [

Annotations:
D:12 1 runed translucent door


Innate Abilities, Weirdness & Mutations

You have hoof-like feet.
You are mostly covered in icy blue scales. (AC +3)
You may rarely emit foul miasma when damaged in melee.
You regenerate health from kills.


Message History

You block the orc wizard's attack.
You hit the orc wizard.
The orc wizard is heavily wounded.
The orc wizard gestures at you while chanting.
You resist with significant effort.
You hit the orc wizard.
The orc wizard is heavily wounded.
You block the orc wizard's attack.
You slash the orc wizard!
You kill the orc wizard!
Qazlal accepts your kill.
A - 2 potions of mutation (gained 1)
Things that are here:
a +0 dagger; a +0 robe; an orc corpse
B - 17 poisoned darts (gained 1)
B - 18 poisoned darts (gained 1)
You hear a shout!
The fire giant shouts!
The fire giant gestures at you while chanting.
The bolt of fire hits you!!
The fire giant is engulfed in blazing flames.
You block the fire giant's attack.
You slice the fire giant!!
The fire giant is moderately wounded.
The fire giant is engulfed in blazing flames.
The fire giant gestures at you while chanting.
The bolt of fire hits you!!!
The boulder beetle curls into a ball and begins rolling!
The fire giant is engulfed in blazing flames.
The fire giant barely misses you.
The fire giant gestures at you while chanting.
The fireball explodes!
The fireball engulfs you but does no damage.
The fire giant points at you and mumbles some strange words.
The fireball explodes!
The fireball engulfs you!!
* * * LOW HITPOINT WARNING * * *
You hear a sizzling sound!
The boulder beetle attacks as you move away!
The boulder beetle hits you!!
You die...

##### #...# ##.#.## ###
##.....### ####### ###.#
...###...# ##.....###...#
.#.#.#.#.#######.......##...#####
...#.#......##...>[..............
.........#...#○>.................
..##.##......C°B@.<..............
#.#...#.###..z#...........)......
.......z○.#)#....................
#.#...#.###...##..........###.#..
..##.##.....###..........## #.#.#
.........#.(......(.....## #.#.#
...#.#........#.........## ##...#
.#.#[#.#^................###....#
...###...##.###...............###


You could see a fire giant, a boulder beetle (rolling) and a skeletal warrior.

Vanquished Creatures
  A frost giant (D:11)
  Snorg (D:13)
  Fannar (D:11)
  2 hydras
  2 catoblepae (D:11)
  2 centaur warriors (D:13)
  8 two-headed ogres
  A boulder beetle (D:11)
  Erica (D:11)
  2 ugly things
  A wolf spider (D:12)
  4 cyclopes
  5 manticores
  3 gargoyles
  An unseen horror (D:11)
  4 kobold demonologists
  4 trolls
  Prince Ribbit (D:7)
  7 slime creatures
  3 vampires
  2 shadows
  16 yaks
  A hog (shapeshifter) (D:13)
  2 wraiths
  2 steam dragons
  3 wargs
  14 vampire mosquitoes
  5 acid dragons
  A hell hound (D:12)
  A water moccasin (D:7)
  2 ice beasts
  6 orc warriors
  2 sky beasts (D:7)
  A black bear (D:7)
  An ogre (D:4)
  4 centaurs
  A boggart (D:13)
  5 kobold brigands
  A necrophage (D:4)
  3 gnoll sergeants
  9 wights
  14 killer bees
  8 electric eels
  4 howler monkeys (D:10)
  6 gnoll boudas
  Crazy Yiuf (D:7)
  4 hounds
  A jelly (D:5)
  3 orc priests
  An iguana (D:4)
  Jessica (D:2)
  14 orc wizards
  Robin (D:1)
  30 gnolls
  7 river rats (Sewer)
  5 adders
  2 shadow imps
  An ufetubus (D:4)
  3 worms
  2 dart slugs
  17 orcs
  14 ball pythons
  6 endoplasms
  2 giant cockroaches
  19 goblins
  15 hobgoblins
  8 jackals
  3 quokkas
  8 bats
  10 frilled lizards
  25 kobolds
  10 rats
381 creatures vanquished.

Vanquished Creatures (others)
  2 unseen horrors
  A kobold (D:13)
  97 plants
100 creatures vanquished.

Grand Total: 481 creatures vanquished

Notes
Turn   | Place    | Note
-------+----------+-------------------------------------------
     0 | D:1      | jlumianski the Demonspawn Fighter began the quest for the
                  | Orb.
     0 | D:1      | Reached XP level 1. HP: 18/18 MP: 1/1
    48 | D:1      | Gained mutation: You regenerate a little health from kills.
                  | [demonic ancestry]
    48 | D:1      | Reached XP level 2. HP: 7/24 MP: 2/2
   171 | D:1      | Found Suts's General Store.
   319 | D:1      | Reached skill level 2 in Axes
   336 | D:1      | Gained mutation: You may rarely emit foul miasma when
                  | damaged in melee. [demonic ancestry]
   336 | D:1      | Reached XP level 3. HP: 29/29 MP: 3/3
   569 | D:1      | Found a faded altar of an unknown god.
   706 | D:2      | Noticed Jessica
  1264 | D:2      | Gained mutation: You have large cloven feet. [demonic
                  | ancestry]
  1264 | D:2      | Reached XP level 4. HP: 27/35 MP: 4/4
  1276 | D:2      | Noticed Robin
  1304 | D:1      | Killed Robin
  1335 | D:2      | Killed Jessica
  1336 | D:2      | Reached skill level 3 in Axes
  1445 | D:2      | Reached XP level 5. HP: 40/41 MP: 5/5
  2109 | D:4      | Found a staircase to the Ecumenical Temple.
  2123 | Temple   | Entered the Ecumenical Temple
  2196 | D:4      | Reached skill level 4 in Axes
  2196 | D:4      | Gained mutation: You regenerate health from kills. [demonic
                  | ancestry]
  2196 | D:4      | Reached XP level 6. HP: 44/48 MP: 6/6
  2626 | D:3      | Found Uxtappox's Jewellery Boutique.
  2884 | D:5      | Entered Level 5 of the Dungeon
  2914 | D:5      | Found a glowing drain.
  2926 | D:5      | Noticed an ice beast
  2932 | Sewer    | Entered a sewer
  3610 | D:5      | Killed an ice beast
  3687 | D:5      | Gained mutation: You have hoof-like feet. [demonic
                  | ancestry]
  3687 | D:5      | Reached XP level 7. HP: 47/53 MP: 7/7
  3701 | D:5      | Noticed a yak
  3702 | D:5      | Noticed a yak
  3703 | D:5      | Noticed a yak
  3704 | D:5      | Noticed a yak
  3712 | D:5      | Killed a yak
  3713 | D:5      | Reached skill level 5 in Axes
  3717 | D:5      | Killed a yak
  3721 | D:5      | Killed a yak
  3722 | D:5      | Reached skill level 6 in Axes
  3726 | D:5      | Killed a yak
  3727 | D:5      | Reached skill level 1 in Dodging
  3727 | D:5      | Reached XP level 8. HP: 33/61 MP: 8/8
  3943 | D:4      | Found an iron altar of Okawaru.
  4139 | D:4      | Identified the +8 ring mail of the Forest {rC+ Will- Str+2
                  | Int+7}
  4320 | D:5      | You fall into a shaft and drop 1 floor!
  4414 | D:6      | Reached skill level 7 in Axes
  4418 | D:6      | Reached skill level 5 in Armour
  4488 | D:6      | Found a burning altar of Makhleb.
  4578 | D:7      | Found a bloodstained altar of Trog.
  4693 | D:6      | Reached skill level 5 in Shields
  4906 | D:7      | Found Mavoveil's General Store.
  4914 | D:7      | Bought a scroll of brand weapon for 104 gold pieces
  4993 | D:7      | Gained mutation: You are partially covered in icy blue
                  | scales. (AC +2) [demonic ancestry]
  4993 | D:7      | Reached XP level 9. HP: 67/67 MP: 9/9
  5063 | D:7      | Found a sparkling altar of Nemelex Xobeh.
  5088 | D:7      | Reached skill level 5 in Fighting
  5123 | D:7      | Reached skill level 8 in Axes
  5495 | D:7      | Reached skill level 9 in Axes
  5520 | D:7      | Noticed Prince Ribbit
  5544 | D:7      | Killed Prince Ribbit
  5715 | D:7      | Found a runed translucent door.
  5716 | D:7      | Noticed Crazy Yiuf
  5882 | D:7      | Killed Crazy Yiuf
  6045 | D:7      | Reached XP level 10. HP: 76/76 MP: 10/10
  7207 | D:9      | Noticed a six-headed hydra
  7217 | D:9      | Killed a seven-headed hydra
  7218 | D:9      | Reached skill level 1 in Stealth
  7381 | D:9      | Reached skill level 10 in Axes
  7899 | D:9      | Found a staircase to the Lair.
  7946 | D:10     | Entered Level 10 of the Dungeon
  7958 | D:10     | Reached skill level 1 in Maces & Flails
  8018 | D:9      | Noticed a cyclops
  8029 | D:9      | Killed a cyclops
  8160 | D:10     | Found a staircase to the Orcish Mines.
  8598 | D:10     | Found a stormy altar of Qazlal.
  8606 | D:10     | Became a worshipper of Qazlal Stormbringer
  8609 | D:10     | Noticed a gargoyle
  8632 | D:10     | Killed a gargoyle
  8747 | D:10     | Found a shadowy altar of Dithmenos.
  8809 | D:10     | Found a hazy altar of Hepliaklqana.
  8857 | D:10     | Gained mutation: You are mostly covered in icy blue scales.
                  | (AC +3) [demonic ancestry]
  8857 | D:10     | Reached XP level 11. HP: 80/83 MP: 11/11
  8898 | D:11     | Noticed a two-headed ogre
  8908 | D:11     | Killed a two-headed ogre
  8957 | D:11     | Reached skill level 1 in Invocations
  9071 | D:10     | Found Yjukat's Antique Armour Shoppe.
  9075 | D:10     | Bought a glowing helmet for 232 gold pieces
  9272 | D:10     | Found a shimmering altar of Xom.
  9273 | D:10     | Found an opulent altar of Gozag.
  9300 | D:10     | Reached skill level 1 in Evocations
  9661 | D:10     | Reached skill level 1 in Throwing
 10055 | D:11     | Noticed Erica
 10077 | D:11     | Killed Erica
 10078 | D:11     | Reached skill level 11 in Axes
 10228 | D:11     | Noticed Fannar
 10239 | D:11     | Killed Fannar
 10586 | D:11     | Noticed a cyan ugly thing
 10602 | D:11     | Killed a cyan ugly thing
 10626 | D:12     | Noticed a two-headed ogre
 10627 | D:12     | Noticed a two-headed ogre
 10639 | D:11     | Killed a two-headed ogre
 10640 | D:11     | Reached skill level 5 in Dodging
 10711 | D:11     | Killed a two-headed ogre
 10893 | D:11     | Reached * piety under Qazlal
 11303 | D:11     | Found a shimmering blue altar of Sif Muna.
 11636 | D:11     | Reached XP level 12. HP: 91/91 MP: 15/15
 12228 | D:13     | Noticed a centaur warrior
 12235 | D:13     | Noticed a seven-headed hydra
 12247 | D:12     | Killed a three-headed hydra
 12248 | D:12     | Reached skill level 5 in Invocations
 12343 | D:13     | Noticed a two-headed ogre
 12357 | D:13     | Killed a two-headed ogre
 12539 | D:14     | Noticed a centaur warrior
 12585 | D:13     | Reached skill level 12 in Axes
 12681 | D:13     | Noticed a two-headed ogre
 12693 | D:13     | Killed a two-headed ogre
 12712 | D:13     | Noticed a centaur warrior
 12717 | D:13     | Killed a centaur warrior
 12782 | D:13     | Noticed a two-headed ogre
 12918 | D:13     | Identified the +2 ring mail of the Vestibule of Hell {rN++
                  | Int-3}
 13168 | D:13     | Killed a centaur warrior
 13168 | D:13     | Reached ** piety under Qazlal
 13169 | D:13     | Reached skill level 5 in Evocations
 13174 | D:13     | Killed a two-headed ogre
 13207 | D:13     | Noticed a two-headed ogre
 13214 | D:13     | Noticed Snorg
 13218 | D:13     | Killed a two-headed ogre
 13230 | D:13     | Killed Snorg
 13381 | D:12     | Noticed a two-headed ogre
 13401 | D:12     | Killed a two-headed ogre
 13419 | D:12     | Reached XP level 13. HP: 99/99 MP: 18/18
 13456 | D:12     | Found a runed translucent door.
 14201 | D:12     | Noticed a fire giant
 14201 | D:12     | Noticed a frost giant
 14210 | D:12     | Found a runed translucent door.
 14516 | D:11     | Killed a frost giant
 14788 | D:11     | Reached skill level 13 in Axes
 14859 | D:12     | Demolished by a boulder beetle

Illustrated notes

Levels and vault maps discovered:
D:1:      ebering_hopf_link, layout_loops_ring, serial_shops, shop,
          shapermc_ecumenical_altar_mp_highgroup, minmay_cut_off
D:2:      layout_basic, uniq_jessica, uniq_robin
D:3:      layout_loops_corners, serial_shops, nicolae_lakefront_shop
D:4:      cheibrodos_old_hovel, layout_cave_pools, mainiacjoe_overflow_24_doors,
          temple_green
D:5:      layout_loops_ring, mainiacjoe_overflow_surrounded_room,
          cheibrodos_sewer_entry_sluice
D:6:      layout_loops_ring, mainiacjoe_overflow_alcove_4
D:7:      layout_cave_pods, mainiacjoe_overflow_small_starburst,
          old_standard_altar, serial_shops, shop, enter_bailey_3,
          uniq_crazy_yiuf_cottage, uniq_prince_ribbit1
D:8:      layout_basic, minmay_fractal_squares_diagonal_5
D:9:      layout_basic, erik_lair_orcish_takeover, minmay_misc_feat_x,
          minmay_holes, grunt_decor_fettered, kennysheep_island_fort
D:10:     layout_cave_pods, nicolae_dithmenos_shadow_blocks,
          jmf_multi_god_temple, grunt_qazlal_clouds, mainiacjoe_overflow_paths,
          orc_0_dummy, serial_shops, nicolae_shop_hallway_stairs
D:11:     layout_layer_cave, serial_bayou, serial_bayou_pond_c,
          serial_bayou_crossing, serial_bayou_pond_c, serial_bayou_pond_c,
          serial_bayou_pond_b, serial_bayou_pond_a, serial_bayou_lagoon_a,
          led_sif_book, uniq_fannar, uniq_erica
D:12:     minmay_expanding_circles, layout_rooms, hex_large,
          minmay_fractal_squares_5
D:13:     layout_roguey, uniq_snorg, uniq_azrael
D:14:     layout_roguey, hangedman_vaults_entry_quadrant_bands,
          minmay_curled_crystal, serial_rivers, chequers_serial_rivers_room_b,
          chequers_serial_rivers_small_a, chequers_serial_rivers_micro_d,
          chequers_serial_rivers_large_a
Temple:   nicolae_temple_x_marks_the_god

Skill      XL: |  1  2  3  4  5  6  7  8  9 10 11 12 13 |
---------------+----------------------------------------+-----
Shields        | 3 4 5 6 7 8 9 |  9.0
Armour         | 3 4 5 6 7 |  7.5
Axes           | 2 3 4 6 7 9 10 11 12 13 | 13.0
Fighting       | 4 5 6 7 8 |  8.6
Dodging        | 1 2 3 4 5 6 |  6.1
Stealth        | 1 |  1.6
Maces & Flails | 1 |  1.2
Invocations    | 4 7 |  7.8
Evocations     | 3 5 6 |  6.2
Throwing       | 1 |  1.5
Long Blades    | |  0.3

Action                   |  1- 3 |  4- 6 |  7- 9 | 10-12 | 13-15 || total
-------------------------+-------+-------+-------+-------+-------++-------
Melee: War axe           |   114 |   172 |   233 |   610 |   109 ||  1238
       Kick              |       |    33 |    45 |       |       ||    78
       Whip              |       |       |       |     8 |       ||     8
       Scimitar          |       |       |       |     6 |       ||     6
Throw: Dart              |       |       |     3 |    19 |    10 ||    32
Evoke: Wand              |       |       |       |     7 |       ||     7
  Use: Potion            |     1 |       |       |     4 |     1 ||     6
       Scroll            |       |    10 |     7 |     5 |     2 ||    24
Armor: Scale mail        |    47 |    16 |       |       |       ||    63
       Plate armour      |       |    78 |    12 |       |       ||    90
       Ring mail         |       |       |    94 |   387 |    56 ||   537
Dodge: Dodged            |    79 |    41 |    92 |   301 |    36 ||   549
Block: Buckler           |    39 |    73 |   136 |   422 |    78 ||   748
       Reflection        |       |     1 |     2 |    31 |     1 ||    35

Table legend: (Time is in decaauts)
 A = Elapsed time spent in this place.
 B = Non-inter-level travel time spent in this place.
 C = Inter-level travel time spent in this place.
 D = Time resting spent in this place.
 E = Time spent auto-exploring this place.
 F = Levels seen in this place.
 G = Mean time per level.
                   A        B        C        D        E       F      G
               +--------+--------+--------+--------+--------+-----+--------+
         Total |  15286 |  14919 |    367 |   1580 |   7274 |  16 |  955.4 |
       Dungeon |  14375 |  14008 |    367 |   1572 |   6693 |  14 | 1026.8 |
        Temple |     58 |     58 |      0 |      0 |      0 |   1 |   58.0 |
         Sewer |    852 |    852 |      0 |      8 |    581 |   1 |  852.0 |
               +--------+--------+--------+--------+--------+-----+--------+

Top non-repeatable levels by time:
    D:11: 3253 daAuts
    D:10: 1392 daAuts
     D:9: 1333 daAuts
     D:7: 1280 daAuts
     D:8: 1191 daAuts
     D:1: 1159 daAuts
    D:13: 970 daAuts
   Sewer: 852 daAuts
     D:3: 827 daAuts
    D:12: 769 daAuts
     D:4: 716 daAuts
     D:2: 671 daAuts
     D:6: 479 daAuts
     D:5: 320 daAuts
  Temple: 58 daAuts
